 Dungeon Crawl Stone Soup version 0.30-a0-377-g5cb311bc9f (webtiles) character file.

Game seed: 7953992298300262510

5506 lokiplouj the Fighter (level 10, -1/144 HPs)
             Began as a Minotaur Berserker on Nov 29, 2022.
             Was an Elder of Trog.
             Slain by a 16-headed hydra (8 damage)
             ... on level 8 of the Dungeon.
             The game lasted 00:10:21 (6646 turns).

lokiplouj the Fighter (Minotaur Berserker)          Turns: 6646, Time: 00:10:22

Health: -1/144     AC: 12    Str: 26    XL:     10   Next: 42%
Magic:  9/9        EV: 11    Int: 10    God:    Trog [****..]
Gold:   369        SH:  5    Dex: 10    Spells: 9/9 levels left

rFire   . . .      SeeInvis .    a - +0 hand axe
rCold   . . .      Faith    .    (no shield)
rNeg    . . .      Spirit   .    C - +2 scale mail "Siaxerph" {Harm rPois}
rPois   +          Reflect  +    (helmet restricted)
rElec   .          Harm     +    (no cloak)
rCorr   +          Rampage  +    (no gloves)
Will    ++...                    n - +0 pair of boots {rampage}
Stlth   ..........               c - amulet of reflection
HPRegen 1.44/turn                j - ring of the Skies Above {rCorr Int+6}
MPRegen 0.11/turn                (no ring)

@: berserking, strong-willed (expiring), regenerating (expiring), very quick
A: horns 2, retaliatory headbutt
a: Renounce Religion, Berserk, Trog's Hand, Brothers in Arms


You were on level 8 of the Dungeon.
You worshipped Trog.
Trog was greatly pleased with you.
You visited 1 branch of the dungeon, and saw 8 of its levels.

You collected 507 gold pieces.
You spent 138 gold pieces at shops.

Inventory:

Hand Weapons
 a - a +0 hand axe (weapon)
Armour
 b - a +0 animal skin
 n - a +0 pair of boots of rampaging (worn)
 o - a +0 ring mail
 C - the +2 scale mail "Siaxerph" (worn) {Harm rPois}
   (You found it on level 6 of the Dungeon)

   rPois:     It protects you from poison.
   Harm:      It increases damage dealt and taken.
Jewellery
 c - an amulet of reflection (around neck)
 j - the ring of the Skies Above (left hand) {rCorr Int+6}
   (You found it on level 3 of the Dungeon)

   [ring of intelligence]

   Int:       It affects your intelligence (+6).
   rCorr:     It protects you from acid and corrosion.
 E - an amulet of guardian spirit
Wands
 m - a wand of mindburst (16)
 w - a wand of flame (47)
 y - a wand of charming (5)
 D - a wand of digging (5)
Scrolls
 e - 3 scrolls of amnesia {unknown}
 f - 4 scrolls of identify {unknown}
 g - a scroll of silence {unknown}
 h - a scroll of torment {unknown}
 k - 3 scrolls of fear {unknown}
 p - 3 scrolls of acquirement {unknown}
 q - 2 scrolls of blinking {unknown}
 t - a scroll of poison {unknown}
 x - a scroll of enchant weapon {unknown}
 B - a scroll of teleportation {unknown}
Potions
 d - 2 potions of invisibility {unknown}
 i - a potion of brilliance {unknown}
 l - 2 potions of curing {unknown}
 r - 2 potions of heal wounds {unknown}
 s - a potion of lignification {unknown}
 u - a potion of degeneration {unknown}
 v - a potion of attraction {unknown}
 z - a potion of mutation {unknown}
 A - a potion of cancellation {unknown}
 F - a potion of ambrosia {unknown}


   Skills:
 + Level 11.2 Fighting
 + Level 11.1 Axes
 + Level 10.8 Armour
 - Level 4.0 Dodging


You had 9 spell levels left.
You didn't know any spells.
Your spell library was empty.

Dungeon Overview and Level Annotations

Branches:
Dungeon (8/15)             Temple (0/1) D:4            Lair (0/5) D:8

Altars:
Cheibriados
Elyvilon
Makhleb
Nemelex Xobeh
Okawaru
Qazlal
Ru
Wu Jian
Yredelemnul

Shops:
D:3 [[*   D:5 (

Annotations:
D:8 purpskrrrp's ghost, novice TrMo


Innate Abilities, Weirdness & Mutations

You have a pair of horns on your head.
You reflexively headbutt those who attack you in melee.


Message History

You lop one of the 13-headed hydra's heads off!
The 12-headed hydra grows two more!
You hit the 14-headed hydra.
The 14-headed hydra is moderately wounded.
The 14-headed hydra bites you.
* * * LOW HITPOINT WARNING * * *
The 14-headed hydra bites you but does no damage.
The 14-headed hydra bites you.
* * * LOW HITPOINT WARNING * * *
The 14-headed hydra bites you but does no damage.
The 14-headed hydra closely misses you. x2
The 14-headed hydra barely misses you.
The 14-headed hydra bites you but does no damage.
You block the 14-headed hydra's attack.
The 14-headed hydra bites you but does no damage.
The 14-headed hydra closely misses you. The 14-headed hydra bites you!
* * * LOW HITPOINT WARNING * * *
You block the 14-headed hydra's attack.
The 14-headed hydra completely misses you.
You chop one of the 14-headed hydra's heads off!
The 13-headed hydra grows two more!
You slash the 15-headed hydra!
The 15-headed hydra is moderately wounded.
You chop one of the 15-headed hydra's heads off!
The 14-headed hydra grows two more!
You slash the 16-headed hydra!
Your headbutt misses the 16-headed hydra.
The 16-headed hydra is heavily wounded.
You feel the effects of Trog's Hand fading.
The 16-headed hydra misses you.
The 16-headed hydra completely misses you.
The 16-headed hydra bites you but does no damage.
The 16-headed hydra barely misses you.
You block the 16-headed hydra's attack. x2
The 16-headed hydra bites you!
* * * LOW HITPOINT WARNING * * *
The 16-headed hydra closely misses you. The 16-headed hydra bites you!
* * * LOW HITPOINT WARNING * * *
The 16-headed hydra barely misses you.
The 16-headed hydra bites you but does no damage.
You block the 16-headed hydra's attack. The 16-headed hydra closely misses you.
The 16-headed hydra bites you but does no damage.
The 16-headed hydra bites you!
You die...

#.# ##....# #.###.....####..
#)#######..## #............#..
#....# #...## #............+..
#....#####...## #......_........
#......#......# ##...........###
#......#......# #...........#
#.##...#......########.....####
#.######.........## #.....# #.#
#........@.####.....######
#.######...##''D##...............
#.........##....W##....##..##.###
###########~.....♣#...##.........
#♣$.).[♣#...#..........
♣.....♣###...........#
###♣...~##...##.........
#.##♣..##..#####....#.>.
#.######..)### #....#...


You could see a 16-headed hydra and purpskrrrp's ghost.

Vanquished Creatures
  3 death yaks (D:8)
  Joseph (D:7)
  8 yaks (D:8)
  A water moccasin (D:7)
  An orc warrior (D:8)
  2 sky beasts (D:7)
  An ogre (D:4)
  A centaur (D:7)
  3 bullfrogs
  2 scorpions
  3 necrophages
  5 wights (D:8)
  5 killer bees (D:8)
  2 howler monkeys (D:7)
  3 hounds
  10 orc priests
  2 jellies (D:4)
  An iguana (D:4)
  4 orc wizards
  3 gnolls (D:5)
  4 adders
  An ufetubus (D:6)
  2 worms
  3 dart slugs
  31 orcs
  5 bats
  4 endoplasms (D:1)
  2 giant cockroaches
  13 goblins
  5 hobgoblins (D:1)
  2 quokkas
  5 ball pythons
  2 frilled lizards (D:1)
  7 kobolds
  6 rats
153 creatures vanquished.

Vanquished Creatures (others)
  2 plants
2 creatures vanquished.

Grand Total: 155 creatures vanquished

Notes
Turn   | Place    | Note
-------+----------+-------------------------------------------
     0 | D:1      | lokiplouj the Minotaur Berserker began the quest for the
                  | Orb.
     0 | D:1      | Reached XP level 1. HP: 19/19 MP: 0/0
    93 | D:1      | Reached XP level 2. HP: 27/27 MP: 1/1
   245 | D:1      | Reached ** piety under Trog
   247 | D:1      | Reached XP level 3. HP: 17/33 MP: 2/2
   582 | D:2      | You fall into a shaft and drop 1 floor!
   582 | D:3      | Found a basalt altar of Yredelemnul.
   624 | D:3      | Found a sparkling altar of Nemelex Xobeh.
   690 | D:3      | Found a faded altar of an unknown god.
   700 | D:3      | Found Etedoxo's General Store.
   724 | D:3      | Found Tezxauq's Armour Shoppe.
   851 | D:3      | Identified the ring of the Skies Above {rCorr Int+6}
   868 | D:3      | Reached XP level 4. HP: 21/41 MP: 3/3
  1154 | D:3      | Found a white marble altar of Elyvilon.
  1188 | D:3      | Found Pecuj's Antique Armour Shoppe.
  1455 | D:3      | Bought a +0 pair of boots of rampaging for 138 gold pieces
  1589 | D:4      | Noticed an ogre
  1598 | D:4      | Killed an ogre
  1599 | D:4      | Reached XP level 5. HP: 29/47 MP: 4/4
  1621 | D:4      | Reached skill level 5 in Fighting
  1621 | D:4      | Reached skill level 5 in Axes
  1630 | D:4      | Reached XP level 6. HP: 27/56 MP: 5/5
  1873 | D:4      | Found a staircase to the Ecumenical Temple.
  2054 | D:5      | Entered Level 5 of the Dungeon
  2057 | D:5      | Found Tecvus's Antique Weapon Shop.
  2164 | D:5      | Reached skill level 5 in Armour
  2180 | D:5      | Reached XP level 7. HP: 50/62 MP: 6/6
  2317 | D:5      | Reached *** piety under Trog
  2563 | D:6      | Found a sacrificial altar of Ru.
  3317 | D:6      | Found a stormy altar of Qazlal.
  3469 | D:6      | Identified the +2 scale mail "Siaxerph" {Harm rPois}
  3728 | D:7      | Noticed Joseph
  3732 | D:7      | Found a burning altar of Makhleb.
  3741 | D:7      | HP: 2/96 [Joseph/+0 quarterstaff (10)]
  3743 | D:7      | Killed Joseph
  3744 | D:7      | Reached XP level 8. HP: 3/73 MP: 7/7
  4346 | D:7      | Found an ornate altar of the Wu Jian Council.
  4770 | D:8      | Found a runed translucent gate.
  4770 | D:8      | Found a runed translucent gate.
  4770 | D:8      | Found a runed translucent gate.
  4772 | D:8      | Noticed a ten-headed hydra
  4774 | D:8      | Noticed purpskrrrp's ghost (novice TrMo)
  4785 | D:8      | Found a snail-covered altar of Cheibriados.
  4786 | D:8      | Noticed a death yak
  4806 | D:8      | Killed a death yak
  4807 | D:8      | Reached XP level 9. HP: 26/83 MP: 8/8
  4991 | D:8      | Found a staircase to the Lair.
  4993 | D:8      | Noticed a death yak
  4993 | D:8      | Noticed a death yak
  5006 | D:8      | Killed a death yak
  5010 | D:8      | Killed a death yak
  5011 | D:8      | Reached skill level 10 in Fighting
  5011 | D:8      | Reached skill level 10 in Axes
  5013 | D:8      | Reached skill level 10 in Armour
  5014 | D:8      | Reached XP level 10. HP: 21/94 MP: 9/9
  6208 | D:8      | Reached **** piety under Trog
  6375 | D:8      | Found an iron altar of Okawaru.
  6646 | D:8      | HP: 7/144 [16-headed hydra (13)]
  6646 | D:8      | Slain by a 16-headed hydra

Illustrated notes

Levels and vault maps discovered:
D:1:      heliophobic_arrival_glass_houses, layout_rooms, minmay_hexomino_p4
D:2:      layout_loops_ring, st_stairs_7, nrook_loot_triangle,
          grunt_ministairs_15, minivault_5
D:3:      layout_basic, mainiacjoe_overflow_24_doors, lemuel_tele_altar,
          mainiacjoe_overflow_boulevard, shapermc_ecumenical_altar_pompeii,
          serial_shops, shop, shop, nicolae_shop_stone, grunt_ministairs_2,
          minivault_27
D:4:      layout_rooms, minmay_temple_entry_tees, minmay_misc_feat_alley
D:5:      layout_rooms, serial_shops, shop
D:6:      layout_loops_ring, nicolae_overflow_crystal_walls,
          lemuel_crystal_altar
D:7:      layout_rooms, mainiacjoe_overflow_catwalk, old_standard_altar,
          enter_bailey_3, corexii_checkpoint_a, uniq_joseph
D:8:      layout_basic, slow_altar_1, mainiacjoe_overflow_alcove_1,
          dpeg_lair_monsters, gammafunk_ghost_hydra_chop

Skill      XL: |  1  2  3  4  5  6  7  8  9 10 |
---------------+-------------------------------+-----
Fighting       | 4 5 7 9 10 11 | 11.2
Axes           | 4 5 7 9 10 11 | 11.1
Armour         | 3 4 5 6 8 10 | 10.8
Dodging        | 3 4 |  4.0

Action                   |  1- 3 |  4- 6 |  7- 9 | 10-12 || total
-------------------------+-------+-------+-------+-------++-------
Melee: Hand axe          |    69 |    78 |   169 |    93 ||   409
       Headbutt          |     7 |    17 |    32 |    19 ||    75
       Punch             |       |       |     3 |     1 ||     4
Invok: Berserk           |       |     1 |     4 |     3 ||     8
       Trog's Hand       |       |     1 |       |     1 ||     2
Evoke: Wand              |       |       |     1 |       ||     1
 Stab: Sleeping          |     1 |       |       |       ||     1
Armor: Animal skin       |    11 |     1 |       |       ||    12
       Ring mail         |       |     6 |    35 |       ||    41
       Scale mail        |       |       |     8 |    44 ||    52
Dodge: Dodged            |    31 |    43 |    49 |    34 ||   157
Block: Other             |    18 |    14 |    25 |    24 ||    81
       Reflection        |       |       |     2 |       ||     2

Table legend: (Time is in decaauts)
 A = Elapsed time spent in this place.
 B = Non-inter-level travel time spent in this place.
 C = Inter-level travel time spent in this place.
 D = Time resting spent in this place.
 E = Time spent auto-exploring this place.
 F = Levels seen in this place.
 G = Mean time per level.
                   A        B        C        D        E       F      G
               +--------+--------+--------+--------+--------+-----+--------+
         Total |   6683 |   6386 |    297 |   1792 |   3821 |   8 |  835.4 |
       Dungeon |   6683 |   6386 |    297 |   1792 |   3821 |   8 |  835.4 |
               +--------+--------+--------+--------+--------+-----+--------+

Top non-repeatable levels by time:
     D:8: 1974 daAuts
     D:6: 1304 daAuts
     D:3: 965 daAuts
     D:7: 915 daAuts
     D:1: 587 daAuts
     D:4: 516 daAuts
     D:5: 420 daAuts
